 Dungeon Crawl Stone Soup version 0.26.1-10-gdfb7c7de75 (webtiles) character file.

Game seed: 2147966041088841465

90 Almogavar the Magician (level 4, 0/32 HPs)
             Began as a Gnoll Wanderer on Apr 12, 2021.
             Killed from afar by an orc wizard (10 damage)
             ... with a puff of frost
             ... on level 3 of the Dungeon.
             The game lasted 00:09:53 (2586 turns).

Almogavar the Magician (Gnoll Wanderer)             Turns: 2586, Time: 00:09:53

Health: 0/32       AC:  4    Str: 13    XL:     4   Next: 56%
Magic:  11/11      EV: 13    Int: 15    God:
Gold:   144        SH:  0    Dex: 16    Spells: 12/13 levels left

rFire    . . .     SeeInvis .   a - +0 dagger
rCold    . . .     Faith    .   (no shield)
rNeg     . . .     Spirit   .   g - +0 leather armour
rPois    .         Reflect  .   (no helmet)
rElec    .         Harm     .   m - +0 cloak
rCorr    .         Rampage  .   (no gloves)
Will     .....                  (no boots)
Stlth    ++........             o - amulet of magic regeneration
HPRegen  0.10/turn              (no ring)
MPRegen  0.37/turn              (no ring)

@: no status effects
A: distributed training, fangs 1, strong nose
a: no special abilities


You were on level 3 of the Dungeon.
You visited 1 branch of the dungeon, and saw 3 of its levels.

You collected 144 gold pieces.

Inventory:

Hand Weapons
 a - a +0 dagger (weapon)
Missiles
 c - 10 poisoned darts (quivered)
Armour
 g - a +0 leather armour (worn)
 m - a +0 cloak (worn)
Jewellery
 o - an amulet of magic regeneration (around neck)
Scrolls
 b - a scroll of fog {unknown}
 f - 2 scrolls of remove curse
 i - a scroll of enchant armour {unknown}
 j - a scroll of identify {unknown}
 k - a scroll of teleportation {unknown}
 p - a scroll of amnesia {unknown}
 q - a scroll of blinking {unknown}
Potions
 d - a potion of magic {unknown}
 e - 2 potions of flight {unknown}
 h - a potion of brilliance {unknown}
 l - a potion of cancellation {unknown}
 n - a potion of curing {unknown}
 r - 2 potions of invisibility {unknown}
 s - a potion of haste {unknown}


   Skills:
 + Level 1.2 Fighting
 + Level 1.2 Short Blades
 + Level 1.2 Long Blades
 + Level 1.2 Axes
 + Level 1.2 Maces & Flails
 + Level 1.2 Polearms
 + Level 4.6 Staves
 + Level 1.2 Slings
 + Level 1.2 Bows
 + Level 1.2 Crossbows
 + Level 4.6 Throwing
 + Level 1.2 Armour
 + Level 2.8 Dodging
 + Level 1.2 Stealth
 + Level 1.2 Shields
 + Level 1.2 Unarmed Combat
 + Level 5.1 Spellcasting
 + Level 3.8 Conjurations
 + Level 1.0 Hexes
 + Level 1.0 Summonings
 + Level 1.0 Necromancy
 + Level 1.0 Translocations
 + Level 1.0 Transmutations
 + Level 1.0 Fire Magic
 + Level 2.2 Ice Magic
 + Level 1.0 Air Magic
 + Level 1.0 Earth Magic
 + Level 1.0 Poison Magic
 + Level 1.3 Invocations
 + Level 1.2 Evocations


You had 12 spell levels left.
You knew the following spells:

 Your Spells              Type           Power        Failure   Level
a - Magic Dart            Conj           60%          4%          1

Your spell library contained the following spells:

 Spells                   Type           Power        Failure   Level
 Searing Ray              Conj           30%          6%          2
 Sting                    Tmut/Pois      24%          14%         1
 Dazzling Flash           Conj/Hex       22%          22%         3
 Spider Form              Tmut/Pois      3%           38%         3
 Fulminant Prism          Conj/Hex       5%           58%         4
 Iskenderun's Mystic Bla  Conj/Tloc      11%          58%         4


Dungeon Overview and Level Annotations

Branches:
Dungeon (3/15)

Altars:


Innate Abilities, Weirdness & Mutations

Your experience applies equally to all skills.
You have very sharp teeth.
Your uncanny sense of smell can sniff out nearby items.


Message History

An orc comes into view. It is wielding a +0 flail.
You hit something but do no damage.
An orc comes into view. It is wielding a +0 short sword.
Something hits you but does no damage.
You hit something but do no damage. Something hits you.
You hit something but do no damage.
You hear some strange, mumbled words.
A puff of frost appears from out of thin air!
The puff of frost hits you.
You miss something. You miss something. Something hits you.
You miss something.
You hear some strange, mumbled words.
A puff of flame appears from out of thin air!
The puff of flame hits you!
A kobold comes into view.
You hear some strange, mumbled words.
A puff of frost appears from out of thin air!
The puff of frost hits you!
You die...

#.# #.......# ...
#.......# #.# ####)####
#o# #.####### #.#
#.......# #o#
#######..####.# #{#
#...........#
#.###.##.##..##....
#.@......##..####.#
#........#####..)...(#
#.......#..####...######
∆ .........#.........#
##.#..#..#.#####..[# #
#..#..#.# #..†#
#....#..# #...# #
....###.# #...# ##
.####...######


You could see 2 orcs.

Vanquished Creatures
  3 adders
  3 worms (D:2)
  3 dart slugs
  4 leopard geckos
  3 orcs
  2 bats
  2 giant cockroaches (D:1)
  4 goblins
  5 hobgoblins
  A quokka (D:3)
  2 ball pythons
  2 frilled lizards
  4 kobolds
  6 rats
44 creatures vanquished.

Notes
Turn   | Place    | Note
-------+----------+-------------------------------------------
     0 | D:1      | Almogavar the Gnoll Wanderer began the quest for the Orb.
     0 | D:1      | Almogavar set off with the following items: a +0 dagger, 10
                  | poisoned darts, a +0 robe; and the following spells
                  | available to memorise: Magic Dart, Searing Ray, Sting,
                  | Dazzling Flash, Spider Form, Fulminant Prism, Iskenderun's
                  | Mystic Blast
     0 | D:1      | Reached XP level 1. HP: 13/13 MP: 6/6
     2 | D:1      | Learned a level 1 spell: Magic Dart
   189 | D:1      | Reached XP level 2. HP: 19/19 MP: 4/7
  1235 | D:2      | Reached skill level 5 in Spellcasting
  1235 | D:2      | Reached XP level 3. HP: 19/25 MP: 2/9
  1361 | D:2      | Reached skill level 1 in Invocations
  1494 | D:2      | Found a faded altar of an unknown god.
  1649 | D:2      | Reached skill level 1 in Fighting
  1649 | D:2      | Reached skill level 1 in Short Blades
  1649 | D:2      | Reached skill level 1 in Long Blades
  1649 | D:2      | Reached skill level 1 in Axes
  1649 | D:2      | Reached skill level 1 in Maces & Flails
  1649 | D:2      | Reached skill level 1 in Polearms
  1649 | D:2      | Reached skill level 1 in Slings
  1649 | D:2      | Reached skill level 1 in Bows
  1649 | D:2      | Reached skill level 1 in Crossbows
  1649 | D:2      | Reached skill level 1 in Armour
  1649 | D:2      | Reached skill level 1 in Stealth
  1649 | D:2      | Reached skill level 1 in Shields
  1649 | D:2      | Reached skill level 1 in Unarmed Combat
  1649 | D:2      | Reached skill level 1 in Evocations
  1837 | D:2      | Reached XP level 4. HP: 32/32 MP: 6/11
  2093 | D:3      | Noticed an orc warrior
  2540 | D:3      | Reached skill level 1 in Hexes
  2540 | D:3      | Reached skill level 1 in Summonings
  2540 | D:3      | Reached skill level 1 in Necromancy
  2540 | D:3      | Reached skill level 1 in Translocations
  2540 | D:3      | Reached skill level 1 in Transmutations
  2540 | D:3      | Reached skill level 1 in Fire Magic
  2540 | D:3      | Reached skill level 1 in Air Magic
  2540 | D:3      | Reached skill level 1 in Earth Magic
  2540 | D:3      | Reached skill level 1 in Poison Magic
  2586 | D:3      | Killed from afar by an orc wizard

Illustrated notes

Levels and vault maps discovered:
D:1:      dpeg_arrival_renting, layout_loops_ring, dk_noncrumbling_2,
          corexii_hall_statues_x, minivault_19, roderic_roman_lattice
D:2:      layout_loops_ring, chequers_ecumenical_altar_simple_redux,
          minmay_pentomino_r2
D:3:      layout_loops_cross

Skill      XL: |  1  2  3  4 |
---------------+-------------+-----
Ice Magic      | 2 |  2.2
Spellcasting   | 5 |  5.1
Invocations    | 1 |  1.3
Fighting       | 1 |  1.2
Short Blades   | 1 |  1.2
Long Blades    | 1 |  1.2
Axes           | 1 |  1.2
Maces & Flails | 1 |  1.2
Polearms       | 1 |  1.2
Slings         | 1 |  1.2
Bows           | 1 |  1.2
Crossbows      | 1 |  1.2
Armour         | 1 |  1.2
Stealth        | 1 |  1.2
Shields        | 1 |  1.2
Unarmed Combat | 1 |  1.2
Evocations     | 1 |  1.2
Hexes          | 1 |  1.0
Summonings     | 1 |  1.0
Necromancy     | 1 |  1.0
Translocations | 1 |  1.0
Transmutations | 1 |  1.0
Fire Magic     | 1 |  1.0
Air Magic      | 1 |  1.0
Earth Magic    | 1 |  1.0
Poison Magic   | 1 |  1.0
Staves         | |  4.6
Throwing       | |  4.6
Dodging        | |  2.8
Conjurations   | |  3.8

Action                   |  1- 3 |  4- 6 || total
-------------------------+-------+-------++-------
Melee: Dagger            |    41 |    23 ||    64
       Bite              |     3 |     1 ||     4
       Punch             |     1 |       ||     1
 Cast: Magic Dart        |    81 |    38 ||   119
  Use: Scroll            |     1 |       ||     1
Armor: Robe              |     1 |       ||     1
       Leather armour    |     4 |     7 ||    11
Dodge: Dodged            |    36 |    18 ||    54
